TOP OF THE 1ST |
Brooklyn Cyclones batting - Pitching for Williamsport Crosscutters : RHP Justin Ashton
|
Pitching: RHP Justin Ashton
|
|
Batting: LHB Tom Prayer
|
0-0: Called Strike 0-1: Ball 1-1: Foul Ball, location: 2F 1-2: Ball 2-2: Foul Ball, location: 2F 2-2: SOLO HOME RUN (Flyball, 89XD, EV 106.9 MPH), Distance : 408 ft
|
Batting: RHB Victor Roca
|
0-0: Ball 1-0: Foul Ball, location: 2F 1-1: Swinging Strike 1-2: Foul Ball, location: 2F 1-2: Strikes out swinging
|
Batting: SHB Alex Cavazos
|
0-0: Ground out 5-3 (Groundball, 5, EV 86.9 MPH)
|
Batting: RHB Danny Runberg
|
0-0: Called Strike 0-1: Ball 1-1: Called Strike 1-2: Ground out 6-3 (Groundball, 56, EV 103.1 MPH)
|
Top of the 1st over - 1 run, 1 hit, 0 errors, 0 left on base; Brooklyn 1 - Williamsport 0 |
BOTTOM OF THE 1ST |
Williamsport Crosscutters batting - Pitching for Brooklyn Cyclones : RHP Nate LaCava
|
Pitching: RHP Nate LaCava
|
|
Batting: RHB Tony Perez
|
0-0: Ball 1-0: Ball 2-0: Bunt missed! 2-1: Swinging Strike 2-2: Foul Ball, location: 2F 2-2: SINGLE (Line Drive, 89S, EV 96.9 MPH)
|
Batting: RHB Joe Hewitt
|
0-0: Called Strike 0-1: Called Strike Tony Perez steals 2nd base 0-2: DOUBLE (Line Drive, 8RD, EV 98.1 MPH) Tony Perez scores
|
Batting: RHB Alan Weller
|
Balk! Joe Hewitt to third 0-0: Swinging Strike 0-1: Ball 1-1: Fly out, F3 (Popup, 23F, EV 76.9 MPH)
|
Batting: RHB Allen Gravel
|
0-0: Ball 1-0: Called Strike 1-1: Fly out, F8 (Flyball, 8RD, EV 91.9 MPH) Runner from 3rd tags up, SCORES, throw by CF
|
Batting: LHB Eric Farren
|
0-0: SINGLE (Line Drive, 8RS, EV 95.6 MPH)
|
Batting: RHB Trent Hedrick
|
0-0: DOUBLE (Line Drive, 89D, EV 100.0 MPH) Eric Farren to third Runner from 3rd tries for Home, SAFE, throw by CF to trailing runner, SAFE at third!
|
Batting: RHB Jake Cox
|
0-0: Called Strike 0-1: Swinging Strike 0-2: Ball 1-2: Ball 2-2: Ball 3-2: Base on Balls
|
Batting: RHB Jose Corral
|
0-0: Ball 1-0: Fielders Choice at 2nd, 5-4 (Groundball, 5, EV 90.6 MPH)
|
Bottom of the 1st over - 3 runs, 4 hits, 0 errors, 2 left on base; Brooklyn 1 - Williamsport 3 |
TOP OF THE 2ND |
Brooklyn Cyclones batting - Pitching for Williamsport Crosscutters : RHP Justin Ashton
|
Batting: RHB David Kunze
|
0-0: Ball 1-0: Swinging Strike 1-1: Hit by Pitch
|
Batting: RHB Chris Artz
|
0-0: Foul Ball, location: 2F 0-1: Ball 1-1: SINGLE (Groundball, 25, EV 72.5 MPH) (infield hit) David Kunze to second
|
Batting: RHB Mike Hanks
|
0-0: Ball 1-0: Ball 2-0: Called Strike 2-1: Called Strike 2-2: Strikes out swinging
|
Batting: RHB Louwe Starmans
|
0-0: Hit by Pitch David Kunze to third Chris Artz to second
|
Batting: RHB Rob Bly
|
0-0: Ball 1-0: Called Strike 1-1: Ball 2-1: Foul Ball, location: 2F 2-2: Foul Ball, location: 2F 2-2: DOUBLE (Line Drive, 3D, EV 101.2 MPH) David Kunze scores Chris Artz scores Louwe Starmans to third
|
Batting: LHB Tom Prayer
|
0-0: Ground out 5-3 (Groundball, 5L, EV 91.2 MPH)
|
Batting: RHB Victor Roca
|
0-0: Ball 1-0: Ball 2-0: DOUBLE (Groundball, 5L, EV 98.1 MPH) Louwe Starmans scores Rob Bly scores
|
Batting: SHB Alex Cavazos
|
0-0: Called Strike 0-1: Foul Ball, location: 2F 0-2: Foul Ball, location: 2F 0-2: Ball 1-2: Ball 2-2: Strikes out swinging
|
Top of the 2nd over - 4 runs, 3 hits, 0 errors, 1 left on base; Brooklyn 5 - Williamsport 3 |
BOTTOM OF THE 2ND |
Williamsport Crosscutters batting - Pitching for Brooklyn Cyclones : RHP Nate LaCava
|
Batting: RHB Brian Burd
|
0-0: Foul Ball, location: 2F 0-1: Ball 1-1: Ground out 4-3 (Groundball, 4, EV 81.9 MPH)
|
Batting: RHB Tony Perez
|
0-0: Called Strike 0-1: Foul Ball, location: 2F 0-2: Ball 1-2: Foul Ball, location: 2F 1-2: Ball 2-2: Strikes out looking
|
Batting: RHB Joe Hewitt
|
0-0: Ball 1-0: Called Strike 1-1: Foul Ball, location: 2F 1-2: Ball 2-2: Fly out, F9 (Flyball, 89D, EV 94.4 MPH)
|
Bottom of the 2nd over - 0 runs, 0 hits, 0 errors, 0 left on base; Brooklyn 5 - Williamsport 3 |
TOP OF THE 3RD |
Brooklyn Cyclones batting - Pitching for Williamsport Crosscutters : RHP Justin Ashton
|
Batting: RHB Danny Runberg
|
0-0: Ball 1-0: Ball 2-0: Ball 3-0: Called Strike 3-1: Called Strike 3-2: Strikes out swinging
|
Batting: RHB David Kunze
|
0-0: Ball 1-0: Ball 2-0: Ball 3-0: Foul Ball, location: 2F 3-1: Called Strike 3-2: Foul Ball, location: 2F 3-2: Foul Ball, location: 2F 3-2: Foul Ball, location: 2F 3-2: Base on Balls
|
Batting: RHB Chris Artz
|
0-0: Ball David Kunze steals 2nd base 1-0: DOUBLE (Line Drive, 9LS, EV 100.6 MPH) David Kunze scores
|
Pitching: RHP Junzo Fujii
|
|
Batting: RHB Mike Hanks
|
0-0: Foul Ball, location: 2F 0-1: Ball 1-1: Foul Ball, location: 2F 1-2: Ball 2-2: Ball Wild Pitch! Chris Artz to third 3-2: Ground out U3 (Groundball, 34, EV 86.2 MPH) Chris Artz scores
|
Batting: RHB Louwe Starmans
|
0-0: Ball 1-0: Ball 2-0: Called Strike 2-1: Ball 3-1: Swinging Strike 3-2: Base on Balls
|
Batting: RHB Rob Bly
|
0-0: Ball 1-0: Ground out 4-3 (Groundball, 4, EV 105.6 MPH)
|
Top of the 3rd over - 2 runs, 1 hit, 0 errors, 1 left on base; Brooklyn 7 - Williamsport 3 |
BOTTOM OF THE 3RD |
Williamsport Crosscutters batting - Pitching for Brooklyn Cyclones : RHP Nate LaCava
|
Batting: RHB Alan Weller
|
0-0: Foul Ball, location: 2F 0-1: Called Strike 0-2: Ball 1-2: Ball 2-2: Strikes out swinging
|
Batting: RHB Allen Gravel
|
0-0: Called Strike 0-1: SINGLE (Line Drive, 34D, EV 93.8 MPH)
|
Batting: LHB Eric Farren
|
0-0: Swinging Strike 0-1: Hit by Pitch Allen Gravel to second
|
Pinch Runner at 1st Ken Gadberry:
|
|
Batting: RHB Trent Hedrick
|
0-0: Ball 1-0: Ball 2-0: Foul Ball, location: 2F 2-1: Swinging Strike 2-2: Fielders Choice at 2nd, 5-4 (Groundball, 5, EV 85.6 MPH) Allen Gravel to third
|
Batting: RHB Jake Cox
|
0-0: Called Strike Trent Hedrick steals 2nd base 0-1: Ball 1-1: SINGLE (Line Drive, 78M, EV 98.1 MPH) Allen Gravel scores Trent Hedrick to third Runner from 3rd tries for Home, SAFE, throw by LF to home
|
Batting: RHB Jose Corral
|
0-0: Ball 1-0: Ball 2-0: Ball 3-0: Called Strike 3-1: Base on Balls Jake Cox to second
|
Batting: RHB Brian Burd
|
0-0: Fielders Choice at 2nd, 5-4 (Groundball, 56, EV 103.1 MPH)
|
Bottom of the 3rd over - 2 runs, 2 hits, 0 errors, 2 left on base; Brooklyn 7 - Williamsport 5 |
TOP OF THE 4TH |
Brooklyn Cyclones batting - Pitching for Williamsport Crosscutters : RHP Junzo Fujii
|
Now at 3B: Ken Gadberry
|
|
Batting: LHB Tom Prayer
|
0-0: Swinging Strike 0-1: Ball 1-1: Foul Ball, location: 2F 1-2: Ball 2-2: Ball 3-2: Base on Balls
|
Batting: RHB Victor Roca
|
0-0: Ball Wild Pitch! Tom Prayer to second 1-0: Called Strike 1-1: Fly out, F9 (Flyball, 9LM, EV 88.1 MPH)
|
Batting: SHB Alex Cavazos
|
0-0: Ball 1-0: Called Strike 1-1: SINGLE (Line Drive, 89M, EV 108.8 MPH) Tom Prayer to third Runner from 3rd tries for Home, throw by CF and OUT! 8-2
|
Batting: RHB Danny Runberg
|
0-0: Ball 1-0: Swinging Strike 1-1: Foul Ball, location: 2F 1-2: Strikes out swinging
|
Top of the 4th over - 0 runs, 1 hit, 0 errors, 1 left on base; Brooklyn 7 - Williamsport 5 |
BOTTOM OF THE 4TH |
Williamsport Crosscutters batting - Pitching for Brooklyn Cyclones : RHP Nate LaCava
|
Batting: RHB Tony Perez
|
0-0: Ball 1-0: Fly out, F6 (Flyball, 56D, EV 79.4 MPH)
|
Batting: RHB Joe Hewitt
|
0-0: Fly out, F8 (Line Drive, 8LM, EV 88.8 MPH)
|
Batting: RHB Alan Weller
|
0-0: Ball 1-0: Called Strike 1-1: Called Strike 1-2: Ground out 4-3 (Groundball, 34, EV 103.1 MPH)
|
Bottom of the 4th over - 0 runs, 0 hits, 0 errors, 0 left on base; Brooklyn 7 - Williamsport 5 |
TOP OF THE 5TH |
Brooklyn Cyclones batting - Pitching for Williamsport Crosscutters : RHP Junzo Fujii
|
Batting: RHB David Kunze
|
0-0: Fly out, F9 (Flyball, 9D, EV 96.9 MPH)
|
Batting: RHB Chris Artz
|
0-0: Ground out 6-3 (Groundball, 6, EV 89.4 MPH)
|
Batting: RHB Mike Hanks
|
0-0: Called Strike 0-1: SINGLE (Groundball, 6MD, EV 103.1 MPH)
|
Batting: RHB Louwe Starmans
|
0-0: Ball Wild Pitch! Mike Hanks to second Balk! Mike Hanks to third 1-0: Foul Ball, location: 2F 1-1: Ball 2-1: Ball 3-1: Base on Balls
|
Pitching: RHP Bobby Savoy
|
|
Batting: RHB Rob Bly
|
0-0: Ball 1-0: Foul Ball, location: 2F 1-1: Ball 2-1: Fielders Choice at 2nd, 6-4 (Groundball, 6, EV 86.9 MPH)
|
Top of the 5th over - 0 runs, 1 hit, 0 errors, 2 left on base; Brooklyn 7 - Williamsport 5 |
BOTTOM OF THE 5TH |
Williamsport Crosscutters batting - Pitching for Brooklyn Cyclones : RHP Nate LaCava
|
Batting: RHB Allen Gravel
|
0-0: Swinging Strike 0-1: Foul Ball, location: 2F 0-2: Ball 1-2: SINGLE (Groundball, 6MD, EV 100.6 MPH)
|
Batting: RHB Ken Gadberry
|
0-0: Called Strike 0-1: Ball 1-1: Ball 2-1: Fielders Choice at 2nd, 3-6 (Groundball, 23, EV 92.5 MPH)
|
Batting: RHB Trent Hedrick
|
0-0: Ball 1-0: Fly out, F6 (Line Drive, 6, EV 66.9 MPH)
|
Batting: RHB Jake Cox
|
0-0: Fly out, F6 (Flyball, 6MD, EV 88.1 MPH)
|
Bottom of the 5th over - 0 runs, 1 hit, 0 errors, 1 left on base; Brooklyn 7 - Williamsport 5 |
TOP OF THE 6TH |
Brooklyn Cyclones batting - Pitching for Williamsport Crosscutters : RHP Bobby Savoy
|
Batting: LHB Tom Prayer
|
0-0: SINGLE (Line Drive, 89S, EV 98.8 MPH)
|
Batting: RHB Victor Roca
|
0-0: Ball 1-0: Foul Ball, location: 2F 1-1: Ball 2-1: Foul Ball, location: 2F 2-2: Strikes out swinging
|
Batting: SHB Alex Cavazos
|
0-0: Ball 1-0: Called Strike 1-1: Swinging Strike 1-2: Ball Tom Prayer steals 2nd base (no throw) 2-2: Ball 3-2: Fly out, F6 (Popup, 6, EV 73.8 MPH)
|
Batting: RHB Danny Runberg
|
0-0: Called Strike 0-1: Ball 1-1: Ball 2-1: Fly out, F7 (Flyball, 7LD, EV 105.6 MPH)
|
Top of the 6th over - 0 runs, 1 hit, 0 errors, 1 left on base; Brooklyn 7 - Williamsport 5 |
BOTTOM OF THE 6TH |
Williamsport Crosscutters batting - Pitching for Brooklyn Cyclones : RHP Nate LaCava
|
Batting: RHB Jose Corral
|
0-0: Ball 1-0: Ball 2-0: Called Strike 2-1: Swinging Strike 2-2: Ground out 4-3 (Groundball, 4, EV 86.9 MPH)
|
Batting: RHB Brian Burd
|
0-0: Foul Ball, location: 2F 0-1: Foul Ball, location: 2F 0-2: Strikes out swinging
|
Batting: RHB Tony Perez
|
0-0: Foul Ball, location: 2F 0-1: Ball 1-1: Hit by Pitch
|
Batting: RHB Joe Hewitt
|
0-0: Called Strike Tony Perez steals 2nd base 0-1: Ground out U3 (Groundball, 34, EV 89.4 MPH)
|
Bottom of the 6th over - 0 runs, 0 hits, 0 errors, 1 left on base; Brooklyn 7 - Williamsport 5 |
TOP OF THE 7TH |
Brooklyn Cyclones batting - Pitching for Williamsport Crosscutters : RHP Bobby Savoy
|
Pitching: LHP Chris Burch
|
|
Batting: RHB David Kunze
|
0-0: Hit by Pitch
|
Batting: RHB Chris Artz
|
0-0: Ball 1-0: Bunted foul 1-1: Called Strike David Kunze steals 2nd base 1-2: Strikes out swinging
|
Batting: RHB Mike Hanks
|
0-0: Called Strike 0-1: Foul Ball, location: 2F 0-2: Ball 1-2: Ball 2-2: Ball 3-2: Fly out, F9 (Flyball, 89M, EV 86.9 MPH) Runner from 2nd tags up, SAFE at 3rd with throw by RF
|
Batting: RHB Louwe Starmans
|
0-0: Called Strike 0-1: Ball 1-1: Ball 2-1: Ball 3-1: Base on Balls
|
Batting: RHB Rob Bly
|
0-0: Foul Ball, location: 2F 0-1: Ball Wild Pitch! David Kunze scores Louwe Starmans to second 1-1: Swinging Strike 1-2: Strikes out swinging
|
Top of the 7th over - 1 run, 0 hits, 0 errors, 1 left on base; Brooklyn 8 - Williamsport 5 |
BOTTOM OF THE 7TH |
Williamsport Crosscutters batting - Pitching for Brooklyn Cyclones : RHP Nate LaCava
|
Pitching: RHP Danny Helm
|
|
Batting: RHB Alan Weller
|
0-0: Foul Ball, location: 2F 0-1: Called Strike 0-2: Foul Ball, location: 2F 0-2: Strikes out looking
|
Batting: RHB Allen Gravel
|
0-0: Ball 1-0: Ball 2-0: Called Strike 2-1: Ball 3-1: Base on Balls
|
Batting: RHB Ken Gadberry
|
0-0: Ball Allen Gravel steals 2nd base 1-0: Called Strike 1-1: Called Strike 1-2: Strikes out swinging
|
Batting: RHB Trent Hedrick
|
0-0: Ball 1-0: Ball 2-0: Called Strike 2-1: Ground out 6-3 (Groundball, 6, EV 103.1 MPH)
|
Bottom of the 7th over - 0 runs, 0 hits, 0 errors, 1 left on base; Brooklyn 8 - Williamsport 5 |
TOP OF THE 8TH |
Brooklyn Cyclones batting - Pitching for Williamsport Crosscutters : LHP Chris Burch
|
Pitching: RHP Leo Loetzsch
|
|
Batting: LHB Tom Prayer
|
0-0: Called Strike 0-1: Ball 1-1: Ball 2-1: Swinging Strike 2-2: Strikes out swinging
|
Batting: RHB Victor Roca
|
0-0: Ball 1-0: Foul Ball, location: 2F 1-1: Foul Ball, location: 2F 1-2: Ground out 4-3 (Groundball, 4, EV 80.6 MPH)
|
Batting: SHB Alex Cavazos
|
0-0: Swinging Strike 0-1: Swinging Strike 0-2: Strikes out looking
|
Top of the 8th over - 0 runs, 0 hits, 0 errors, 0 left on base; Brooklyn 8 - Williamsport 5 |
BOTTOM OF THE 8TH |
Williamsport Crosscutters batting - Pitching for Brooklyn Cyclones : RHP Danny Helm
|
Pitching: RHP Amare Golden
|
|
Batting: RHB Jake Cox
|
0-0: Called Strike 0-1: Ball 1-1: Foul Ball, location: 2F 1-2: Foul Ball, location: 2F 1-2: Ball 2-2: Ball 3-2: Foul Ball, location: 2F 3-2: Fly out, F9 (Line Drive, 9, EV 103.1 MPH)
|
Batting: RHB Jose Corral
|
0-0: Ball 1-0: SINGLE (Line Drive, 89S, EV 101.9 MPH)
|
Batting: RHB Brian Burd
|
0-0: Ball 1-0: Foul Ball, location: 2F 1-1: Ball 2-1: SINGLE (Groundball, 13S, EV 72.5 MPH) (infield hit) Jose Corral to second
|
Batting: RHB Tony Perez
|
0-0: Called Strike 0-1: Swinging Strike 0-2: Fielders Choice at 2nd, 4-6 (Groundball, 34, EV 93.8 MPH) Jose Corral to third
|
Pinch Hitting: SHB Danny Simmons
|
0-0: Ball 1-0: Swinging Strike 1-1: Ball 2-1: Swinging Strike 2-2: Ground out 4-3 (Groundball, 13, EV 83.8 MPH)
|
Bottom of the 8th over - 0 runs, 2 hits, 0 errors, 2 left on base; Brooklyn 8 - Williamsport 5 |
TOP OF THE 9TH |
Brooklyn Cyclones batting - Pitching for Williamsport Crosscutters : RHP Leo Loetzsch
|
Pitching: RHP Tyler Bach
|
|
Now in LF: Manoel Camp
|
|
Batting: RHB Danny Runberg
|
0-0: Ball 1-0: Ball 2-0: Ball 3-0: Foul Ball, location: 2F 3-1: Fly out, F7 (Flyball, 7D, EV 101.2 MPH)
|
Batting: RHB David Kunze
|
0-0: Called Strike 0-1: Ball 1-1: Swinging Strike 1-2: Foul Ball, location: 2F 1-2: Ground out U3 (Groundball, 34, EV 93.1 MPH)
|
Batting: RHB Chris Artz
|
0-0: Ball 1-0: Ball 2-0: Swinging Strike 2-1: Swinging Strike 2-2: Strikes out swinging
|
Top of the 9th over - 0 runs, 0 hits, 0 errors, 0 left on base; Brooklyn 8 - Williamsport 5 |
BOTTOM OF THE 9TH |
Williamsport Crosscutters batting - Pitching for Brooklyn Cyclones : RHP Amare Golden
|
Pitching: RHP Joey Keim
|
|
Batting: RHB Alan Weller
|
0-0: Ball 1-0: Ball 2-0: Called Strike 2-1: Single, Error in OF, E7, batter to second base (Groundball, 56D, EV 98.1 MPH)
|
Batting: RHB Allen Gravel
|
0-0: Ball 1-0: Foul Ball, location: 2F 1-1: Foul Ball, location: 2F 1-2: Ball 2-2: Foul Ball, location: 2F 2-2: Ground out 6-3 (Groundball, 6, EV 81.9 MPH) Alan Weller to third
|
Pinch Hitting: SHB Jeff Echt
|
0-0: Foul Ball, location: 2F 0-1: Ball 1-1: Ball Wild Pitch! Alan Weller scores 2-1: Ball 3-1: Foul Ball, location: 2F 3-2: Ground out 4-3 (Groundball, 4, EV 79.4 MPH)
|
Batting: RHB Trent Hedrick
|
0-0: Ball 1-0: Foul Ball, location: 2F 1-1: Swinging Strike 1-2: Foul Ball, location: 2F 1-2: Strikes out swinging
|
Bottom of the 9th over - 1 run, 1 hit, 1 error, 0 left on base; Brooklyn 8 - Williamsport 6 |
|